 Dungeon Crawl Stone Soup version 0.23.2-40-g277498a001 (webtiles) character file.

Game seed: 9447344231358090344

6184 FishyPogo the Fighter (level 10, -2/99 HPs)
             Began as a Gargoyle Monk on Aug 12, 2019.
             Was a High Priest of Okawaru.
             Slain by a komodo dragon (11 damage)
             ... on level 10 of the Dungeon.
             The game lasted 00:55:45 (8797 turns).

FishyPogo the Fighter (Gargoyle Monk)               Turns: 8797, Time: 00:55:45

Health: -2/99      AC: 25    Str: 20    XL:     10   Next: 91%
Magic:  12/13      EV:  2    Int: 16    God:    Okawaru [*****.]
Gold:   491        SH:  6    Dex: 13    Spells: 9/9 levels left

rFire    . . .     SeeInvis +   a - +10 falchion of Siur {venom, +Blink rN++}
rCold    . . .     Gourm    .   G - +0 buckler
rNeg     + + +     Faith    +   (armour currently unavailable)
rPois    ∞         Spirit   .   (helmet currently unavailable)
rElec    .         Reflect  .   (cloak currently unavailable)
rCorr    .         Harm     .   (gloves currently unavailable)
MR       .....     NoTele   +   (boots currently unavailable)
Stlth    +++++.....             O - amulet of faith
HPRegen  0.26/turn              j - ring of see invisible
MPRegen  0.13/turn              k - +3 ring of strength

@: brilliant, tree-form (expiring), heroism, hasted, very quick
A: negative energy resistance 1, petrification resistance, rot immunity,
MP-powered wands, AC +7
a: Heroism, Finesse, Renounce Religion, Evoke Blink


You were on level 10 of the Dungeon.
You worshipped Okawaru.
Okawaru was extremely pleased with you.
You were not hungry.
You were a tree.
You visited 2 branches of the dungeon, and saw 11 of its levels.

You collected 491 gold pieces.

Inventory:

Hand Weapons
 a - the +10 falchion of Siur (weapon) {venom, +Blink rN++}
   (You found it on level 9 of the Dungeon)

   It poisons the flesh of those it strikes.
   It greatly protects you from negative energy.
   It lets you blink.
 b - a +2 dagger of venom
 K - a +0 flail
Missiles
 d - 359 stones
 h - 9 steel javelins
 n - 22 tomahawks (quivered)
 y - 4 throwing nets
Armour
 f - a +0 pair of boots (melded)
 m - a +0 ring mail
 A - the cursed +1 robe of Gallantry (melded) {rN+ MR+ Int-5}
   (You found it on level 7 of the Dungeon)

   It affects your intelligence (-5).
   It protects you from negative energy.
   It affects your resistance to hostile enchantments.
   It has a curse placed upon it.
 B - a +0 robe of fire resistance
 G - a +0 buckler (worn)
 J - a +0 leather armour of poison resistance
 L - a +1 pair of gloves (melded)
Jewellery
 j - a ring of see invisible (left branch)
 k - a +3 ring of strength (right branch)
 C - a +5 amulet of reflection
 H - an uncursed amulet of the acrobat
 O - an amulet of faith (around neck)
Wands
 q - a wand of flame (9)
Scrolls
 e - 2 scrolls of fear {unknown}
 g - 4 scrolls of identify {unknown}
 i - 2 scrolls of magic mapping {unknown}
 l - 5 scrolls of remove curse
 p - 4 scrolls of amnesia {unknown}
 r - 2 scrolls of immolation {unknown}
 s - 2 scrolls of teleportation {unknown}
 t - a scroll of blinking {unknown}
 w - 4 scrolls of random uselessness {unknown}
 E - a scroll of enchant weapon {unknown}
 F - 2 scrolls of enchant armour {unknown}
 N - a scroll of holy word {unknown}
Potions
 u - 3 potions of curing {unknown}
 v - 2 potions of haste
 x - 2 potions of brilliance
 z - 2 potions of agility {unknown}
 I - a potion of might
Comestibles
 c - 13 rations
 M - 9 chunks of flesh


   Skills:
 + Level 9.0(14.0) Fighting
 - Level 5.1(10.4) Short Blades
 * Level 2.5(9.1) Long Blades
 - Level 3.4(8.4) Maces & Flails
 * Level 4.5(9.5) Throwing
 - Level 7.0(12.0) Armour
 * Level 4.2(9.2) Dodging
 + Level 6.1(11.1) Stealth
 + Level 2.4(7.4) Shields
 + Level 2.2 Invocations
 + Level 5.2 Evocations


You had 9 spell levels left.
You didn't know any spells.
Your spell library contained the following spells:

 Spells                   Type           Power        Failure   Level  Hunger
 Flame Tongue             Conj/Fire      #....        3%          1    ##.....
 Throw Flame              Conj/Fire      #.....       4%          2    ###....
 Conjure Flame            Conj/Fire      #.......     9%          3    ####...
 Inner Flame              Hex/Fire       #.......     9%          3    ####...
 Cause Fear               Hex            #.........   24%         4    #####..
 Sticky Flame             Conj/Fire      #.......     24%         4    #####..
 Fireball                 Conj/Fire      #.........   52%         5    ######.
 Silence                  Hex/Air        #.........   52%         5    ######.
 Yara's Violent Unravell  Hex/Tmut       #.........   52%         5    ######.
 Deflect Missiles         Chrm/Air       #.........   95%         6    #######
 Discord                  Hex            #.........   100%        8    #######


Dungeon Overview and Level Annotations

Branches:
Dungeon (10/15)            Temple (1/1) D:5
   Lair: D:8-11         Orc: D:9-12

Altars:
Cheibriados
Dithmenos
Elyvilon
Gozag
Hepliaklqana
Okawaru
Uskayaw
Xom


Innate Abilities, Weirdness & Mutations

You are resistant to torment.
((Your stone body is resilient. (AC +7)))
You are immune to poison.
You resist negative energy. (rN+)
((You are resistant to electric shocks. (rElec)))
((You can survive without breathing.))
You are immune to petrification.
You are immune to rotting.
((You have a pair of small horns on your head.))
You expend magic power (3 MP) to strengthen your wands.


Message History

You feel much better.
Your transformation is almost over.
The komodo dragon bites you!
* * * LOW HITPOINT WARNING * * *
The crocodile barely misses you.
You slash the komodo dragon!
The komodo dragon looks as sick as possible!
The komodo dragon is severely wounded.
The crocodile bites you but does no damage.
The komodo dragon bites you!
* * * LOW HITPOINT WARNING * * *
You feel much better. The komodo dragon bites you!!
* * * LOW HITPOINT WARNING * * *
The crocodile bites you but does no damage.
You feel much better. You block the crocodile's attack.
The komodo dragon bites you!!
* * * LOW HITPOINT WARNING * * *
It was a potion of haste.
You feel yourself speed up. The komodo dragon bites you!
You die...

#[.......# #.>.# #.
#........# ###'# #.
########## ##### ## %#
###..######### ##.##
#.#.###.......
#...#####........###.
..#.#.(.#..........#.#
##
#..../..l.....########
..l...#†♣t...#.#
.##....#...#.##..
#.##...?##.## ### #
###.##### ##


You could see a komodo dragon and a crocodile.

Vanquished Creatures
  A two-headed ogre (D:5)
  Urug (D:10)
  A hippogriff (D:9)
  Sigmund (D:4)
  2 wyverns
  Eustachio (D:4)
  A steam dragon (D:10)
  A water moccasin (D:7)
  2 orc warriors
  A phantom (D:3)
  2 ice beasts
  2 sky beasts
  An eye of draining (D:10)
  2 necrophages
  2 ogres
  2 centaurs (D:7)
  2 crocodiles (D:10)
  7 bullfrogs
  8 killer bees
  4 crimson imps
  2 centaur zombies
  A bullfrog zombie (D:5)
  8 hounds
  5 orc priests
  2 jellies
  4 iguanas
  5 orc wizards
  A worker ant (D:4)
  2 hound skeletons (D:4)
  A howler monkey zombie (D:6)
  A worker ant zombie (D:6)
  Robin (D:4)
  7 gnolls
  12 adders
  A shadow imp (D:9)
  An ooze (D:5)
  2 adder skeletons
  6 worms
  5 dart slugs
  4 leopard geckos
  27 orcs
  A bat (D:3)
  5 giant cockroaches
  8 hobgoblins
  10 kobolds
  A quokka (D:7)
  4 frilled lizards
  16 goblins
  A jackal zombie (D:7)
  A leopard gecko zombie (D:6)
  A quokka skeleton (D:5)
  5 rats
195 creatures vanquished.

Vanquished Creatures (collateral kills)
  A two-headed ogre (D:10)
  A quasit (D:10)
2 creatures vanquished.

Grand Total: 197 creatures vanquished

Notes
Turn   | Place    | Note
-------+----------+-------------------------------------------
     0 | D:1      | FishyPogo the Gargoyle Monk began the quest for the Orb.
     0 | D:1      | Reached XP level 1. HP: 14/14 MP: 1/1
   425 | D:1      | Reached XP level 2. HP: 16/19 MP: 2/2
   914 | D:2      | Reached XP level 3. HP: 11/23 MP: 3/3
  1314 | D:2      | Reached XP level 4. HP: 27/29 MP: 4/4
  1714 | D:3      | Reached skill level 1 in Armour
  1749 | D:3      | Reached skill level 4 in Fighting
  1753 | D:3      | HP: 1/29 [orc/cursed -2 trident (1)]
  1754 | D:3      | Gained mutation: You have a pair of small horns on your
                  | head. [potion of mutation]
  1754 | D:3      | Gained mutation: You expend magic power (3 MP) to
                  | strengthen your wands. [potion of mutation]
  2152 | D:3      | Reached XP level 5. HP: 33/33 MP: 5/5
  2670 | D:3      | Reached skill level 1 in Short Blades
  2827 | D:4      | Noticed Robin
  2894 | D:4      | Reached XP level 6. HP: 35/39 MP: 6/6
  3018 | D:4      | Noticed Eustachio
  3076 | D:4      | Noticed a phantom
  3196 | D:3      | Killed a phantom
  3196 | D:3      | Reached skill level 5 in Fighting
  3566 | D:4      | Killed Eustachio
  3566 | D:4      | Reached XP level 7. HP: 42/44 MP: 7/7
  3729 | D:4      | Noticed Sigmund
  3748 | D:4      | Killed Sigmund
  3748 | D:4      | Reached skill level 6 in Fighting
  3896 | D:4      | Killed Robin
  3896 | D:4      | Reached XP level 8. HP: 51/51 MP: 8/8
  4123 | D:5      | Entered Level 5 of the Dungeon
  4166 | D:5      | Noticed a two-headed ogre
  4275 | D:5      | Reached skill level 5 in Armour
  4355 | D:5      | Reached skill level 1 in Evocations
  4839 | D:5      | Found an opulent altar of Gozag.
  4898 | D:5      | Found a staircase to the Ecumenical Temple.
  4906 | Temple   | Entered the Ecumenical Temple
  4913 | Temple   | Became a worshipper of Warmaster Okawaru
  4913 | Temple   | Reached * piety under Okawaru
  4913 | Temple   | Reached ** piety under Okawaru
  4965 | D:5      | Killed a two-headed ogre
  4965 | D:5      | Reached *** piety under Okawaru
  4965 | D:5      | Reached skill level 7 in Fighting
  4965 | D:5      | Reached XP level 9. HP: 53/57 MP: 7/11
  5026 | D:5      | Found a hide-covered altar of Uskayaw.
  5543 | D:6      | Reached skill level 1 in Throwing
  6208 | D:7      | Reached skill level 8 in Fighting
  6299 | D:7      | Reached **** piety under Okawaru
  6324 | D:7      | Reached skill level 5 in Stealth
  6562 | D:7      | Got an opalescent robe
  6573 | D:7      | Identified the cursed +1 robe of Gallantry {rN+ MR+ Int-5}
                  | (You found it on level 7 of the Dungeon)
  7171 | D:8      | Reached XP level 10. HP: 63/65 MP: 13/13
  7183 | D:8      | Reached skill level 5 in Short Blades
  7341 | D:9      | Reached ***** piety under Okawaru
  7341 | D:9      | Reached skill level 1 in Shields
  7352 | D:9      | Got a crystal falchion
  7353 | D:9      | Identified the +10 falchion of Siur {venom, +Blink rN++}
                  | (You found it on level 9 of the Dungeon)
  7531 | D:9      | Received a gift from Okawaru
  7628 | D:9      | Reached skill level 1 in Invocations
  7713 | D:9      | Reached skill level 1 in Long Blades
  8189 | D:10     | Entered Level 10 of the Dungeon
  8299 | D:10     | Reached skill level 5 in Evocations
  8368 | D:10     | Noticed Urug
  8478 | D:10     | Noticed a two-headed ogre
  8568 | D:10     | Killed a two-headed ogre
  8640 | D:10     | Killed Urug
  8640 | D:10     | Reached skill level 9 in Fighting
  8792 | D:10     | HP: 1/99 [komodo dragon (20)]
  8797 | D:10     | Slain by a komodo dragon

Skill      XL: |  1  2  3  4  5  6  7  8  9 10 |
---------------+-------------------------------+-----
Stealth        | 3 4 5 6 |  6.1
Dodging        | 3 4 |  4.2
Armour         | 1 2 4 6 7 |  7.0
Fighting       | 4 5 6 7 8 9 |  9.0
Short Blades   | 1 3 4 5 |  5.1
Evocations     | 3 4 5 |  5.2
Throwing       | 3 4 |  4.5
Shields        | 2 |  2.4
Invocations    | 2 |  2.2
Long Blades    | 2 |  2.5
Maces & Flails | |  3.4

Action                   |  1- 3 |  4- 6 |  7- 9 | 10-12 || total
-------------------------+-------+-------+-------+-------++-------
Melee: Mace              |    84 |    78 |     8 |       ||   170
       Dagger            |    32 |   118 |   461 |    32 ||   643
       Headbutt          |       |    27 |   112 |    22 ||   161
       Falchion          |       |       |       |    93 ||    93
Throw: Stone             |    32 |    45 |    14 |    29 ||   120
       Tomahawk          |       |    28 |    12 |    13 ||    53
       Javelin           |       |       |       |     4 ||     4
Invok: Heroism           |       |       |     1 |     1 ||     2
 Abil: Evoke Blink       |       |       |       |     2 ||     2
Evoke: Box of beasts     |       |       |       |     4 ||     4
       Wand              |       |       |       |     1 ||     1
  Use: Potion            |       |     3 |       |     6 ||     9
       Scroll            |       |       |     1 |       ||     1
 Stab: Sleeping          |     4 |       |     2 |     3 ||     9
       Distracted        |       |       |     1 |     1 ||     2
  Eat: Chunk             |     1 |     7 |    12 |     6 ||    26
Armor: Robe              |    25 |       |    14 |    53 ||    92
       Ring mail         |     8 |    88 |   133 |       ||   229
       Skin              |       |     7 |       |     9 ||    16
Dodge: Dodged            |    74 |   117 |   199 |    72 ||   462
Block: Other             |       |       |    26 |       ||    26
       Buckler           |       |       |     5 |    61 ||    66
       Reflection        |       |       |     2 |       ||     2
       Rpst.: Falchion   |       |       |       |    14 ||    14
